 Dungeon Crawl Stone Soup version 0.28.0-45-g0d030f2227 (webtiles) character file.

Game seed: 8465886166261629150

60 NinjaNoafa the Ruffian (level 3, -5/29 HPs)
             Began as a Draconian Transmuter on Apr 4, 2022.
             Blown up by Ijyb (16 damage)
             ... with a mindburst bolt
             ... on level 3 of the Dungeon.
             The game lasted 00:04:13 (3011 turns).

NinjaNoafa the Ruffian (Draconian Transmuter)       Turns: 3011, Time: 00:04:13

Health: -5/29      AC: 12    Str: 12    XL:     3   Next: 82%
Magic:  5/6        EV: 12    Int: 15    God:
Gold:   107        SH:  0    Dex: 11    Spells: 5/6 levels left

rFire   . . .      SeeInvis .   k - +2 dagger (protect)
rCold   . . .      Faith    .   (no shield)
rNeg    . . .      Spirit   .   (armour unavailable)
rPois   .          Reflect  .   (helmet currently unavailable)
rElec   .          Harm     .   (no cloak)
rCorr   .          Rampage  .   (no gloves)
Will    .....                   (boots currently unavailable)
Stlth   +.........              (no amulet)
HPRegen 0.09/turn               (no ring)
MPRegen 0.10/turn               (no ring)

@: appendages (expiring), under a protective aura
A: horns 2, talons 2, AC +5, unfitting armour, cold-blooded
a: End Transformation


You were on level 3 of the Dungeon.
You had temporarily grown beastly horns and talons.
You visited 1 branch of the dungeon, and saw 3 of its levels.

You collected 107 gold pieces.

Inventory:

Hand Weapons
 k - a +2 dagger of protection (weapon)
Missiles
 c - 85 stones
 f - 4 silver boomerangs
Magical Staves
 g - a staff of death
Wands
 m - a wand of acid (8)
Scrolls
 d - 2 scrolls of teleportation {unknown}
 h - a scroll of torment {unknown}
 i - a scroll of identify {unknown}
 j - 2 scrolls of magic mapping {unknown}
 l - a scroll of immolation {unknown}
Potions
 a - 2 potions of cancellation
 b - a potion of flight
 e - a potion of degeneration {unknown}


   Skills:
 + Level 1.9 Fighting
 + Level 2.2 Dodging
 - Level 1.1 Stealth
 - Level 3.0 Unarmed Combat
 - Level 2.2 Spellcasting
 * Level 1.1 Necromancy
 - Level 2.2 Transmutations
 * Level 1.1 Evocations


You had 5 spell levels left.
You knew the following spells:

 Your Spells              Type           Power      Damage    Failure   Level
a - Beastly Appendage     Tmut           16%        N/A       9%          1

Your spell library contained the following spells:

 Spells                   Type           Power      Damage    Failure   Level
 Wereblood                Tmut           8%         N/A       13%         2
 Spider Form              Tmut/Pois      5%         N/A       38%         3
 Ice Form                 Ice/Tmut       5%         N/A       80%         4


Dungeon Overview and Level Annotations

Branches:
Dungeon (3/15)

Altars:

Annotations:
D:3 Ijyb


Innate Abilities, Weirdness & Mutations

You have temporarily grown beastly horns and talons.
Your plain brown scales are hard. (AC +5)
You cannot fit into any form of body armour.
You are cold-blooded and may be slowed by cold attacks.


Message History

You kill the goblin!
A hobgoblin comes into view.
Things that are here:
a +0 club; a goblin corpse The hobgoblin throws a stone.
The stone hits you but does no damage.
You now have 107 gold pieces (gained 14).
Ijyb and a giant cockroach come into view.
Ijyb is wielding a +0 dagger and carrying a wand of mindburst (22).
A rat comes into view.
Casting: Beastly Appendage (safe; 9% risk of failure)
Confirm with . or Enter, or press ? or * to list all spells.
You grow a pair of large bovine horns.
Your feet morph into talons.
Ijyb shouts!
The giant cockroach barely misses you.
You hit the giant cockroach.
Your weapon exudes an aura of protection.
You claw the giant cockroach, but do no damage.
You headbutt the giant cockroach.
You kill the giant cockroach!
You barely miss Ijyb. Ijyb hits you with a +0 dagger.
You closely miss Ijyb. You claw Ijyb, but do no damage.
Ijyb zaps a wand.
Your mind is blasted!
You closely miss Ijyb. You claw Ijyb. Your headbutt misses Ijyb.
Your tail-slap misses Ijyb.
Ijyb is lightly wounded.
Your transformation is almost over.
Ijyb screams, "Level is mine!
All mine!"
Ijyb barely misses you. The rat bites you.
You barely miss Ijyb.
Your tail-slap misses Ijyb.
Ijyb is lightly wounded.
Ijyb hits you but does no damage. The rat bites you.
You hit Ijyb but do no damage.
Your weapon exudes an aura of protection.
Your kick misses Ijyb. You headbutt Ijyb, but do no damage.
Your tail-slap misses Ijyb.
Ijyb is lightly wounded.
Ijyb screams, "You nasty!
Big nasty!"
Ijyb zaps a wand.
Your mind is blasted!
Ouch! That really hurt!
You die...

#########...# #.....#.......
#...........# #.....#.......
#...........#############.......
#.....)...##.......###....
#.........##..............
#.........##..............
#.........########.....###
...##.##...#............# .. #.
#####...g@....#### . ā‰ˆ.
#......r........ gā‰ˆ.
#.......###.#### #.......# .#
#.......# .# #.......# .#
........+ ........#


You could see Ijyb and a rat.

Vanquished Creatures
  2 adders
  A worm (D:2)
  2 dart slugs
  An orc (D:3)
  5 bats
  3 endoplasms (D:1)
  3 giant cockroaches
  3 goblins
  A jackal (D:3)
  3 quokkas
  A ball python (D:2)
  3 frilled lizards
  3 kobolds
  3 rats (D:3)
34 creatures vanquished.

Notes
Turn   | Place    | Note
-------+----------+-------------------------------------------
     0 | D:1      | NinjaNoafa the Draconian Transmuter began the quest for the
                  | Orb.
     0 | D:1      | Reached XP level 1. HP: 16/16 MP: 3/3
     1 | D:1      | Noticed an electric eel
   435 | D:1      | Reached XP level 2. HP: 19/23 MP: 3/5
   744 | D:1      | Reached skill level 1 in Stealth
  1450 | D:2      | HP: 1/24 [poisoned by an adder]
  1459 | D:2      | Reached XP level 3. HP: 17/29 MP: 4/6
  2455 | D:3      | Reached skill level 1 in Evocations
  2470 | D:3      | Reached skill level 1 in Necromancy
  3001 | D:3      | Noticed Ijyb
  3011 | D:3      | Blown up by Ijyb

Illustrated notes

Levels and vault maps discovered:
D:1:      arrival_aquarium_a, layout_rooms
D:2:      layout_loops_corners, serial_glass, glass_columns_c, glass_columns_a,
          glass_columns_a, glass_columns_b, grunt_ministairs_5
D:3:      minmay_angry_zag, layout_basic, trog_hazing_becter, uniq_ijyb

Skill      XL: |  1  2  3 |
---------------+----------+-----
Dodging        | 2 |  2.2
Stealth        | 1 |  1.1
Evocations     | 1 |  1.1
Necromancy     | 1 |  1.1
Fighting       | |  1.9
Unarmed Combat | |  3.0
Spellcasting   | |  2.2
Transmutations | |  2.2

Action                   || total
-------------------------++-------
Melee: Unarmed           ||    52
       Kick              ||    15
       Tailslap          ||    16
       Headbutt          ||     5
       Punch             ||     5
       Staff             ||    88
       Dagger            ||    21
 Cast: Beastly Appendage ||     8
  Use: Potion            ||     4
 Stab: Sleeping          ||     4
Armor: Skin              ||    57
Dodge: Dodged            ||   103
